 Dungeon Crawl Stone Soup version 0.26-a0-852-g6321bf7485 (webtiles) character file.

Game seed: 3729742470504391467

483 pablito the Ducker (level 6, -2/27 HPs)
             Began as a Felid Transmuter on Nov 21, 2020.
             Was a Believer of Dithmenos.
             Splashed by Ijyb's acid (9 damage)
             ... on level 5 of the Dungeon.
             The game lasted 00:16:43 (5899 turns).

pablito the Ducker (Felid Transmuter)               Turns: 5899, Time: 00:16:43

Health: -2/27      AC:  2    Str:  6    XL:     6   Next: 88%
Magic:  9/10       EV: 21    Int: 15    God:    Dithmenos [**....]
Gold:   81         SH:  0    Dex: 18    Spells: 5/9 levels left
                                        Lives:  0   Deaths: 1

rFire    . . .     SeeInvis +     - Unarmed
rCold    . . .     Faith    .   (shield unavailable)
rNeg     . . .     Spirit   .   (armour unavailable)
rPois    +         Reflect  .   (helmet unavailable)
rElec    .         Harm     .   (cloak unavailable)
rCorr    .         Rampage  .   (gloves unavailable)
MR       .....                  (boots unavailable)
Stlth    +++++.....             c - amulet of the acrobat
HPRegen  0.09/turn              e - ring of poison resistance
MPRegen  0.12/turn              o - ring of stealth

@: appendages, wreathed by umbra, quick
A: very small, no armour, no weapons or thrown items, stealth, claws 1, fangs 3,
horns 2, see invisible, speed 1, shaggy fur 2, sharp paws
a: End Transformation, Shadow Step, Renounce Religion


You were on level 5 of the Dungeon.
You worshipped Dithmenos.
Dithmenos was pleased with you.
You had grown temporary horns.
You visited 1 branch of the dungeon, and saw 5 of its levels.

You collected 235 gold pieces.
You spent 154 gold pieces at shops.

Inventory:

Jewellery
 c - an amulet of the acrobat (around neck)
 e - a ring of poison resistance (left paw)
 o - a ring of stealth (right paw)
 t - the amulet "Tifewoix" {Faith rC+ MR+}
   (You bought it in a shop on level 5 of the Dungeon)

   [amulet of faith]

   It allows you to gain divine favour quickly.
   It protects you from cold.
   It affects your resistance to hostile enchantments.
Scrolls
 a - 3 scrolls of identify
 f - a scroll of amnesia
 g - 4 scrolls of remove curse
 h - 2 scrolls of enchant armour {unknown}
 i - a scroll of teleportation
 k - 2 scrolls of magic mapping {unknown}
 n - 2 scrolls of fog {unknown}
 p - 2 scrolls of immolation {unknown}
 s - a scroll of enchant weapon {unknown}
Potions
 b - a potion of magic {unknown}
 d - 3 potions of heal wounds {unknown}
 j - a potion of degeneration {unknown}
 l - 3 potions of curing {unknown}
 m - 4 potions of lignification
 q - 4 potions of resistance {unknown}
 r - 2 potions of haste
 u - a potion of invisibility {unknown}


   Skills:
 + Level 2.3 Fighting
 + Level 5.3 Dodging
 + Level 4.3 Stealth
 + Level 4.4 Unarmed Combat
 - Level 2.2 Spellcasting
 + Level 4.2 Transmutations
 + Level 1.3 Poison Magic
 + Level 1.6 Invocations


You had 5 spell levels left.
You knew the following spells:

 Your Spells              Type           Power        Failure   Level
a - Beastly Appendage     Tmut           ##....       3%          1
b - Spider Form           Tmut/Pois      ##........   21%         3

Your spell library contained the following spells:

 Spells                   Type           Power        Failure   Level
 Wereblood                Tmut           ##......     6%          2
 Ice Form                 Ice/Tmut       #.......     65%         4
 Blade Hands              Tmut           ##........   71%         5


Dungeon Overview and Level Annotations

Branches:
Dungeon (5/15)
 Temple: D:4-7

Altars:
Dithmenos
Nemelex Xobeh
Sif Muna
Trog
Vehumet
Zin
The Shining One

Shops:
D:4 }   D:5 *

Annotations:
D:5 Eustachio, Ijyb


Innate Abilities, Weirdness & Mutations

You cannot wear armour.
You are incapable of wielding weapons or throwing items.
Your paws allow you to move quietly. (Stealth)
You have sharp claws.
You have razor-sharp teeth.
You have supernaturally acute eyesight. (SInv)
You cover ground quickly.
You are covered in thick fur. (AC +2)
Your sharp claws are effective at attacking unaware monsters.
You have a pair of horns on your head.


Message History

The orc is moderately wounded.
The orc completely misses you.
You barely miss Ijyb. You headbutt Ijyb.
Ijyb is lightly wounded.
Eustachio casts a spell.
Eustachio blinks!
Ijyb hits you with a +0 club.
You claw Ijyb!
Ijyb is moderately wounded.
Ijyb completely misses you.
You closely miss Ijyb.
Ijyb is moderately wounded.
Ijyb hits you with a +0 club.
Casting: Beastly Appendage (safe; 3% risk of failure)
Confirm with . or Enter, or press ? or * to list all spells.
You extend your transformation's duration.
Ijyb completely misses you.
You closely miss Ijyb.
Ijyb is moderately wounded.
Ijyb zaps a wand.
The bolt of acid hits you!
You are splashed with acid!
You die...

#..........#...#
##.###.###.#..[#
##.###.###.#...# .
#..........#...# ..
#.###......#...# #.#
#.......##.#... ...#.
#######.##.##.#......
#.##.##o..#
#.##.@go#.#
######.##.##.# ..
#......##+##.# .h.
#.#.#......#.. ...
#.#.'.....(#### ..
#.###......... #
#.###.........
#....#+#......
#######.##.'∩+......


You could see Ijyb and 2 orcs.

Vanquished Creatures
  A sky beast (D:5)
  An ogre (D:4)
  A phantom (D:5)
  2 bullfrog zombies
  A hound (D:2)
  A centaur skeleton (D:4)
  Robin (D:2)
  2 gnolls (D:3)
  7 adders
  An ooze (D:4)
  5 worms
  2 dart slugs
  3 leopard geckos
  An orc (D:5)
  7 bats
  3 giant cockroaches
  18 goblins
  13 hobgoblins
  4 jackals
  6 kobolds
  2 quokkas
  2 ball pythons
  6 frilled lizards
  A jackal skeleton (D:2)
  2 quokka skeletons
  8 rats
101 creatures vanquished.

Vanquished Creatures (others)
  An orc (D:5)
1 creature vanquished.

Grand Total: 102 creatures vanquished

Notes
Turn   | Place    | Note
-------+----------+-------------------------------------------
     0 | D:1      | pablito the Felid Transmuter began the quest for the Orb.
     0 | D:1      | Reached XP level 1. HP: 9/9 MP: 4/4
   298 | D:1      | Reached XP level 2. HP: 12/12 MP: 6/6
   305 | D:1      | Reached skill level 3 in Dodging
   760 | D:2      | Found a radiant altar of Vehumet.
   765 | D:2      | Found a shimmering blue altar of Sif Muna.
   767 | D:2      | Noticed Robin
   970 | D:2      | Reached XP level 3. HP: 10/15 MP: 7/7
  1058 | D:2      | Found a shadowy altar of Dithmenos.
  1334 | D:2      | Killed Robin
  1335 | D:2      | Reached skill level 1 in Stealth
  1442 | D:2      | Became a worshipper of Dithmenos the Shadowed
  1805 | D:2      | Reached XP level 4. HP: 19/19 MP: 8/8
  2621 | D:2      | Reached skill level 4 in Dodging
  2844 | D:2      | Reached XP level 5. HP: 18/22 MP: 9/9
  3738 | D:3      | Reached * piety under Dithmenos
  3755 | D:2      | HP: 2/22 [adder (4)]
  4179 | D:3      | Found a sparkling altar of Nemelex Xobeh.
  4186 | D:3      | Found a glowing silver altar of Zin.
  4402 | D:3      | Found a bloodstained altar of Trog.
  4649 | D:4      | Found Velahao's Gadget Boutique.
  4654 | D:4      | Learned a level 3 spell: Spider Form
  4700 | D:4      | Noticed a phantom
  4726 | D:5      | Entered Level 5 of the Dungeon
  4728 | D:5      | Slain by a phantom
  4729 | D:5      | Reached XP level 4. HP: -4/19 MP: 8/8
  4736 | D:5      | Noticed a sky beast
  4749 | D:5      | Killed a sky beast
  4750 | D:5      | Reached XP level 5. HP: 22/22 MP: 9/9
  4828 | D:5      | Reached skill level 1 in Invocations
  5025 | D:4      | Reached skill level 5 in Dodging
  5025 | D:4      | Gained mutation: You are covered in thick fur. (AC +2)
                  | [Felid growth]
  5025 | D:4      | Reached XP level 6. HP: 26/26 MP: 10/10
  5075 | D:4      | Reached skill level 1 in Poison Magic
  5332 | D:4      | Found a glowing golden altar of the Shining One.
  5578 | D:5      | Found Hezac's Assorted Antiques.
  5799 | D:5      | Bought a scroll of identify for 44 gold pieces
  5799 | D:5      | Bought a smoking graven amulet for 110 gold pieces
  5799 | D:5      | Identified the amulet "Tifewoix" {Faith rC+ MR+} (You
                  | bought it in a shop on level 5 of the Dungeon)
  5859 | D:5      | Noticed Ijyb
  5860 | D:5      | Noticed Eustachio
  5885 | D:5      | Reached ** piety under Dithmenos
  5899 | D:5      | Splashed by Ijyb's acid

Illustrated notes

Levels and vault maps discovered:
D:1:      lightli_arrival_windingriver, layout_basic, minmay_misc_feat_chi,
          ebering_dispersal_statue_hall, corexii_hall_statues_s, minivault_27,
          grunt_decor_one_mirror, chequers_mini_garden
D:2:      minmay_razor_zed, layout_basic, grunt_temple_overflow_open, uniq_robin
D:3:      layout_rooms, nicolae_overflow_hidden_temple,
          nemelex_xobeh_ov_fountains_minmay, lemuel_round_altar
D:4:      layout_basic, serial_shops, shop, kennysheep_doodads, tso_metal_star
D:5:      layout_basic, gammafunk_ghost_stat_death, serial_shops,
          nicolae_shop_behind_doors, lemuel_blue_sif_altar, uniq_eustachio,
          uniq_ijyb, uniq_prince_ribbit1

Skill      XL: |  1  2  3  4  5  6 |
---------------+-------------------+-----
Dodging        | 3 4 5 |  5.3
Stealth        | 2 3 4 |  4.3
Transmutations | 3 4 |  4.2
Unarmed Combat | 4 |  4.4
Invocations    | 1 |  1.6
Fighting       | 2 |  2.3
Poison Magic   | 1 |  1.3
Spellcasting   | |  2.2

Action                   |  1- 3 |  4- 6 || total
-------------------------+-------+-------++-------
Melee: Unarmed           |    98 |   264 ||   362
       Bite              |     5 |    22 ||    27
       Headbutt          |    12 |    32 ||    44
       Punch             |       |     1 ||     1
 Cast: Beastly Appendage |    19 |    32 ||    51
  Use: Scroll            |     5 |     3 ||     8
 Stab: Sleeping          |     2 |    17 ||    19
       Distracted        |     1 |     1 ||     2
Armor: Skin              |     3 |     5 ||     8
Dodge: Dodged            |    91 |   242 ||   333

Table legend: (Time is in decaauts)
 A = Elapsed time spent in this place.
 B = Non-inter-level travel time spent in this place.
 C = Inter-level travel time spent in this place.
 D = Time resting spent in this place.
 E = Time spent auto-exploring this place.
 F = Levels seen in this place.
 G = Mean time per level.
                   A        B        C        D        E       F      G
               +--------+--------+--------+--------+--------+-----+--------+
         Total |   5346 |   5286 |     60 |   1709 |   2580 |   5 | 1069.2 |
       Dungeon |   5346 |   5286 |     60 |   1709 |   2580 |   5 | 1069.2 |
               +--------+--------+--------+--------+--------+-----+--------+

Top non-repeatable levels by time:
     D:2: 1935 daAuts
     D:1: 1688 daAuts
     D:3: 595 daAuts
     D:4: 583 daAuts
     D:5: 544 daAuts
